Monarchs vs Sewer Rats
Created - March 1, 2021 at 19:12
Goals
|
| Monarchs |
2 |
2 |
0 |
0 |
4 |
| Sewer Rats |
1 |
2 |
1 |
1 |
5 |
|
Shots
|
| Monarchs |
13 |
5 |
7 |
0 |
25 |
| Sewer Rats |
10 |
12 |
4 |
1 |
27 |
|
1st period
1. Monarchs , Max Domi 21 (Teemu Hartikainen 13, Nicholas Baptiste 20) at 4:50
2. Sewer Rats , Anthony Duclair 10 (Dmitrij Jaskin 19, Drake Caggiula 14) at 11:05
3. Monarchs , Max Domi 22 (Mikko Rantanen 25, Daultan Leveillé 39) at 11:17
Penalties :
No Penalty
2nd period
4. Monarchs , Nicholas Baptiste 12 (Markus Nutivaara 25) at 6:41
5. Sewer Rats , Zach Aston-Reese 5 (Mark Mancari 35, Stefan Elliott 19) at 8:57
6. Sewer Rats , Joseph Blandisi 24 (Jonathan Marchessault 38, Zach Aston-Reese 9) at 15:31
7. Monarchs , Mikko Rantanen 24 (Max Domi 26, Daultan Leveillé 40) at 17:01
Penalties :
Mark Mancari (Tol) for Diving (Minor) at 13:06
3rd period
8. Sewer Rats , Zach Aston-Reese 6 (Jared McCann 4, Connor Carrick 7) at 6:53
Penalties :
Andy Andreoff (MAN) for Roughing (Minor) at 4:02, Jeff Petry (MAN) for Tripping (Minor) at 7:52, Daniel Carr (Tol) for High sticking (Minor) at 14:35
Overtime #1
9. Sewer Rats , Vincent Trocheck 25 (Mark Mancari 36) at 0:06
Penalties :
No Penalty
Goalie Stats
Jake Allen (MAN), 22 saves from 27 shots - (0.815), OTL, 13-6-1, 60:06 minutes
Darcy Kuemper (Tol), 21 saves from 25 shots - (0.840), W, 11-8-1, 60:06 minutes
Players Stats for Monarchs
Player Name G A P +/- PIM S H SB GA TA FO MP PP MP PK MP
------------------------------------------------------------------------------------
Alex Iafallo 0 0 0 -1 0 2 1 1 0 0 0/0 9:22 0:00 1:12
Andy Andreoff 0 0 0 0 2 1 2 1 0 0 0/0 16:49 1:41 0:38
Curtis Lazar 0 0 0 0 0 1 0 0 0 0 1/1 4:16 0:00 0:00
Daultan Leveillé 0 2 2 1 0 1 3 1 0 0 13/21 19:17 2:11 0:41
Jacob Josefson 0 0 0 -1 0 0 0 1 2 1 7/14 17:30 1:41 0:24
Jacob Larsson 0 0 0 1 0 0 0 0 0 0 0/0 6:18 0:00 0:00
Jeff Petry 0 0 0 0 2 0 4 0 0 0 0/0 17:52 1:19 0:55
Jordan Greenway 0 0 0 0 0 0 0 0 0 0 0/2 11:48 0:06 0:29
Josh Anderson 0 0 0 -1 0 0 0 0 0 1 0/0 6:24 0:00 0:00
Josh Manson 0 0 0 -2 0 0 2 1 0 1 0/0 23:19 2:39 2:22
Markus Nutivaara 0 1 1 0 0 0 0 3 0 0 0/0 11:36 0:00 0:00
Matt Roy 0 0 0 1 0 2 0 0 0 0 0/0 6:51 0:00 0:06
Max Domi 2 1 3 0 0 4 1 1 0 1 1/6 24:49 2:11 2:16
Mikko Rantanen 1 1 2 0 0 6 0 0 0 0 0/0 20:53 2:11 2:16
Nicholas Baptiste 1 1 2 0 0 2 0 0 1 0 0/0 14:15 0:06 0:00
Noah Hanifin 0 0 0 0 0 0 0 0 0 0 0/0 12:11 0:00 0:35
Roman Josi 0 0 0 -2 0 0 0 2 0 0 0/0 23:19 2:39 2:22
Teemu Hartikainen 0 1 1 0 0 4 0 0 0 2 0/1 14:29 0:06 0:00
Travis Konecny 0 0 0 0 0 2 2 0 0 0 0/0 16:13 1:41 0:00
Zach Werenski 0 0 0 0 0 0 0 0 0 1 0/0 18:53 1:19 1:36
Players Stats for Sewer Rats
Player Name G A P +/- PIM S H SB GA TA FO MP PP MP PK MP
------------------------------------------------------------------------------------
Anthony Duclair 1 0 1 1 0 4 2 0 1 0 0/0 13:02 0:00 0:00
Connor Carrick 0 1 1 1 0 0 0 0 0 0 0/0 12:24 0:00 0:00
Daniel Carr 0 0 0 -2 2 4 3 1 0 0 1/2 19:05 2:20 0:52
Dmitrij Jaskin 0 1 1 1 0 1 3 0 1 0 0/2 14:40 0:00 0:00
Drake Caggiula 0 1 1 1 0 1 1 0 1 1 3/6 15:54 0:00 2:01
Erik Condra 0 0 0 -1 0 1 1 0 1 0 1/1 17:00 1:38 0:37
Jared McCann 0 1 1 2 0 1 1 0 0 0 0/1 10:02 0:00 0:00
Jarred Tinordi 0 0 0 -1 0 0 3 1 0 0 0/0 22:43 2:22 2:09
Joel Edmundson 0 0 0 0 0 1 0 1 0 0 0/0 18:47 1:36 1:49
John Ramage 0 0 0 0 0 1 1 1 1 0 0/0 18:47 1:36 1:49
Jonathan Marchessault 0 1 1 -1 0 2 1 0 0 0 2/7 16:33 1:38 0:00
Joseph Blandisi 1 0 1 -1 0 1 0 0 0 1 0/0 17:21 1:38 0:52
Mark Mancari 0 2 2 1 2 2 1 0 1 0 2/2 24:36 2:20 1:01
Ryan Murphy 0 0 0 1 0 0 0 0 0 1 0/0 12:24 0:00 0:00
Stefan Elliott 0 1 1 -1 0 3 0 0 0 0 0/0 22:43 2:22 2:09
Thomas Chabot 0 0 0 1 0 0 0 0 0 0 0/0 6:12 0:00 0:00
Vincent Trocheck 1 0 1 -1 0 3 2 1 1 0 13/22 19:57 2:20 2:07
Xavier Ouellet 0 0 0 1 0 0 0 0 0 0 0/0 6:12 0:00 0:00
Zach Aston-Reese 2 1 3 2 0 2 0 0 0 0 1/2 8:02 0:00 0:26
3 Stars
1 - Zach Aston-Reese (Tol)
2 - Max Domi (MAN)
3 - Anthony Duclair (Tol)
Power Play
Monarchs - 0 on 2 Attempt(s) - 0.00%
Sewer Rats - 0 on 2 Attempt(s) - 0.00%
Penalty Kill
Monarchs - 2 on 2 Attempt(s) - 100.00%
- Score 0 goal in Penalty Kill
Sewer Rats - 2 on 2 Attempt(s) - 100.00%
- Score 0 goal in Penalty Kill
Team Stat
Monarchs - Hits : 15 - Faceoff Wins : 22 - Blocked Shots : 11 - Penalty Minutes : 4
Sewer Rats - Hits : 19 - Faceoff Wins : 23 - Blocked Shots : 5 - Penalty Minutes : 4
Official
Referees : Unknown
Linesman : Unknown
Game Notes
Curtis Lazar is injured at 16:09 of 1st period (Strained Right Elbow)
Finance
Level 1 -- Attendance: 1653 (82.65%) -- Ticket Income $57,855
Level 2 -- Attendance: 985 (98.50%) -- Ticket Income $16,745
Total Attendance: 2638 (87.93%)
Total Ticket Income: $74,600
Other Income: $3,730
Total Income: $78,330
Monarchs
5 vs 5 Forward
Center Left Wing Right Wing Time % Phy DF OF
1 Daultan Leveillé Max Domi Mikko Rantanen 40 1 2 2
2 Jacob Josefson Andy Andreoff Travis Konecny 30 1 2 2
3 Curtis Lazar Teemu Hartikainen Nicholas Baptiste 20 1 2 2
4 Max Domi Alex Iafallo Josh Anderson 10 1 2 2
5 vs 5 Defense
Defense Defense Time % Phy DF OF
1 Josh Manson Roman Josi 40 1 2 2
2 Jeff Petry Zach Werenski 30 1 2 2
3 Markus Nutivaara Noah Hanifin 20 1 2 2
4 Matt Roy Jacob Larsson 10 1 2 2
PowerPlay Forward
Center Left Wing Right Wing Time % Phy DF OF
1 Daultan Leveillé Max Domi Mikko Rantanen 60 1 2 2
2 Jacob Josefson Andy Andreoff Travis Konecny 40 1 2 2
PowerPlay Defense
Defense Defense Time % Phy DF OF
1 Josh Manson Roman Josi 60 1 2 2
2 Jeff Petry Zach Werenski 40 1 2 2
Penalty Kill 4 Players Forward
Center Wing Time % Phy DF OF
1 Max Domi Mikko Rantanen 60 1 2 2
2 Daultan Leveillé Andy Andreoff 40 1 2 2
Penalty Kill 4 Players Defense
Defense Defense Time % Phy DF OF
1 Josh Manson Roman Josi 60 1 2 2
2 Jeff Petry Zach Werenski 40 1 2 2
Penalty Kill - 3 Players Forward
Forward Time % Phy DF OF
1 Max Domi 60 1 2 2
2 Mikko Rantanen 40 1 2 2
Penalty Kill - 3 Players Defense
Defense Defense Time % Phy DF OF
1 Josh Manson Roman Josi 60 1 2 2
2 Jeff Petry Zach Werenski 40 1 2 2
4 vs 4 Forward
Center Wing Time % Phy DF OF
1 Max Domi Mikko Rantanen 60 1 2 2
2 Daultan Leveillé Andy Andreoff 40 1 2 2
4 vs 4 Defense
Defense Defense Time % Phy DF OF
1 Josh Manson Roman Josi 60 1 2 2
2 Jeff Petry Zach Werenski 40 1 2 2
Last Minutes Offensive
Center Left Wing Right Wing Defense Defense
Daultan Leveillé Max Domi Mikko Rantanen Josh Manson Roman Josi
Last Minutes Defensive
Center Left Wing Right Wing Defense Defense
Daultan Leveillé Max Domi Mikko Rantanen Josh Manson Roman Josi
Goaltenders
Starting : Jake Allen
Backup : Alexandar Georgiev
Extra Forwards
Normal : Jordan Greenway, Teemu Hartikainen, Alex Iafallo - PP : Jordan Greenway, Teemu Hartikainen - PK : Alex Iafallo
Extra Defensemen
Normal : Markus Nutivaara, Noah Hanifin, Matt Roy - PP : Markus Nutivaara - PK : Noah Hanifin, Matt Roy
Penalty Shots
Max Domi, Mikko Rantanen, Daultan Leveillé, Andy Andreoff, Teemu Hartikainen
Scratches
Jordan Weal (Healthy), Kurtis Macdermid (Healthy), Dmitri Orlov (Healthy), Blake Lizotte (Healthy), Bokondji Imama (Healthy)
Derek Forbort (Healthy), Riley Armstrong (Healthy), Benn Ferriero (Healthy), Cal Petersen (Healthy)
Sewer Rats
5 vs 5 Forward
Center Left Wing Right Wing Time % Phy DF OF
1 Vincent Trocheck Daniel Carr Mark Mancari 40 1 2 2
2 Jonathan Marchessault Joseph Blandisi Erik Condra 30 1 2 2
3 Drake Caggiula Anthony Duclair Dmitrij Jaskin 20 1 2 2
4 Zach Aston-Reese Jared McCann Mark Mancari 10 1 2 2
5 vs 5 Defense
Defense Defense Time % Phy DF OF
1 Stefan Elliott Jarred Tinordi 40 1 2 2
2 Joel Edmundson John Ramage 30 1 2 2
3 Ryan Murphy Connor Carrick 20 1 2 2
4 Thomas Chabot Xavier Ouellet 10 1 2 2
PowerPlay Forward
Center Left Wing Right Wing Time % Phy DF OF
1 Vincent Trocheck Daniel Carr Mark Mancari 60 1 2 2
2 Jonathan Marchessault Joseph Blandisi Erik Condra 40 1 2 2
PowerPlay Defense
Defense Defense Time % Phy DF OF
1 Stefan Elliott Jarred Tinordi 60 1 2 2
2 Joel Edmundson John Ramage 40 1 2 2
Penalty Kill 4 Players Forward
Center Wing Time % Phy DF OF
1 Vincent Trocheck Mark Mancari 60 1 2 2
2 Daniel Carr Erik Condra 40 1 2 2
Penalty Kill 4 Players Defense
Defense Defense Time % Phy DF OF
1 Stefan Elliott Jarred Tinordi 60 1 2 2
2 Joel Edmundson John Ramage 40 1 2 2
Penalty Kill - 3 Players Forward
Forward Time % Phy DF OF
1 Vincent Trocheck 60 1 2 2
2 Mark Mancari 40 1 2 2
Penalty Kill - 3 Players Defense
Defense Defense Time % Phy DF OF
1 Stefan Elliott Jarred Tinordi 60 1 2 2
2 Joel Edmundson John Ramage 40 1 2 2
4 vs 4 Forward
Center Wing Time % Phy DF OF
1 Vincent Trocheck Mark Mancari 60 1 2 2
2 Daniel Carr Erik Condra 40 1 2 2
4 vs 4 Defense
Defense Defense Time % Phy DF OF
1 Stefan Elliott Jarred Tinordi 60 1 2 2
2 Joel Edmundson John Ramage 40 1 2 2
Last Minutes Offensive
Center Left Wing Right Wing Defense Defense
Vincent Trocheck Daniel Carr Mark Mancari Stefan Elliott Jarred Tinordi
Last Minutes Defensive
Center Left Wing Right Wing Defense Defense
Vincent Trocheck Daniel Carr Mark Mancari Stefan Elliott Jarred Tinordi
Goaltenders
Starting : Darcy Kuemper
Backup : Marek Mazanek
Extra Forwards
Normal : Jared McCann, Dmitrij Jaskin, Drake Caggiula - PP : Jared McCann, Dmitrij Jaskin - PK : Drake Caggiula
Extra Defensemen
Normal : Ryan Murphy, Connor Carrick, Thomas Chabot - PP : Ryan Murphy - PK : Connor Carrick, Thomas Chabot
Penalty Shots
Vincent Trocheck, Mark Mancari, Daniel Carr, Erik Condra, Jonathan Marchessault
Scratches
Dominik Kubalik (Healthy), Nick Cousins (Healthy), Josh Archibald (Healthy), Jonathan Racine (Healthy), Tyler Motte (Healthy)
Chris Calhan (Healthy), Mark Friedman (Healthy), Michael Dal Colle (Healthy), Matteson Iacopelli (Healthy), Adin Hill (Healthy)
Antoine Bibeau (Healthy)
% Time on Ice - Monarchs
Lines # - Real PCT - Wanted PCT - Time Play
Normal Forward
1 - 32% - 40% - 16:41
2 - 30% - 30% - 15:49
3 - 25% - 20% - 13:10
4 - 12% - 10% - 6:24
Normal Defense
1 - 35% - 40% - 18:12
2 - 31% - 30% - 15:58
3 - 22% - 20% - 11:36
4 - 12% - 10% - 6:18
PP Forward
1 - 58% - 60% - 2:17
2 - 42% - 40% - 1:41
PP Defense
1 - 67% - 60% - 2:39
2 - 33% - 40% - 1:19
PK Forward
1 - 83% - 60% - 3:17
2 - 17% - 40% - 0:41
PK Defense
1 - 60% - 60% - 2:22
2 - 40% - 40% - 1:36
PK3 Forward
1 - 0% - 60%
2 - 0% - 40%
PK3 Defense
1 - 0% - 60%
2 - 0% - 40%
44 Forward
1 - 100% - 60% - 0:06
2 - 0% - 40% - 0:00
44 Defense
1 - 100% - 60% - 0:06
2 - 0% - 40% - 0:00
Last Minute Offensive - 0:00
Last Minute Defensive - 0:00
Total
Forward - 60:06
Defense - 60:06
|
% Time on Ice - Sewer Rats
Lines # - Real PCT - Wanted PCT - Time Play
Normal Forward
1 - 30% - 40% - 15:47
2 - 30% - 30% - 15:39
3 - 25% - 20% - 13:02
4 - 15% - 10% - 7:36
Normal Defense
1 - 35% - 40% - 18:06
2 - 30% - 30% - 15:22
3 - 24% - 20% - 12:24
4 - 12% - 10% - 6:12
PP Forward
1 - 59% - 60% - 2:20
2 - 41% - 40% - 1:38
PP Defense
1 - 60% - 60% - 2:22
2 - 40% - 40% - 1:36
PK Forward
1 - 84% - 60% - 3:21
2 - 16% - 40% - 0:37
PK Defense
1 - 54% - 60% - 2:09
2 - 46% - 40% - 1:49
PK3 Forward
1 - 0% - 60%
2 - 0% - 40%
PK3 Defense
1 - 0% - 60%
2 - 0% - 40%
44 Forward
1 - 100% - 60% - 0:06
2 - 0% - 40% - 0:00
44 Defense
1 - 100% - 60% - 0:06
2 - 0% - 40% - 0:00
Last Minute Offensive - 0:00
Last Minute Defensive - 0:00
Total
Forward - 60:06
Defense - 60:06
|
Play-by-Play
1st period
0:01 of 1st period - Vincent Trocheck wins face-off versus Daultan Leveillé in neutral zone.
0:04 of 1st period - Roman Josi is hit by Daniel Carr and loses puck.
0:25 of 1st period - Jacob Josefson is hit by Jonathan Marchessault and loses puck.
0:40 of 1st period - Erik Condra is hit by Andy Andreoff and loses puck.
1:15 of 1st period - Wrist shot by Mark Mancari.
1:15 of 1st period - Shot Blocked by Alex Iafallo.
1:48 of 1st period - Snap shot by Dmitrij Jaskin.
1:48 of 1st period - Shot Misses the Net.
1:50 of 1st period - Snap shot by Dmitrij Jaskin.
1:50 of 1st period - Shot Blocked by Markus Nutivaara.
2:00 of 1st period - Snap shot by Jonathan Marchessault.
2:00 of 1st period - Stopped by Jake Allen with a rebound.
2:02 of 1st period - Slapshot by Joel Edmundson.
2:02 of 1st period - Stopped by Jake Allen with a rebound.
2:46 of 1st period - Wrist shot by Teemu Hartikainen.
2:46 of 1st period - Deflect By Curtis Lazar.
2:46 of 1st period - Stopped by Darcy Kuemper with a rebound.
3:30 of 1st period - Wrist shot by Daultan Leveillé.
3:30 of 1st period - Stopped by Darcy Kuemper with a rebound.
4:02 of 1st period - Wrist shot by Jonathan Marchessault.
4:02 of 1st period - Stopped by Jake Allen with a rebound.
4:14 of 1st period - Wrist shot by Daniel Carr.
4:14 of 1st period - Shot Misses the Net.
4:16 of 1st period - Wrist shot by Mark Mancari.
4:16 of 1st period - Stopped by Jake Allen with a rebound.
4:50 of 1st period - Wrist shot by Max Domi.
4:50 of 1st period - Goal by Max Domi - Monarchs : 1 - Sewer Rats : 0.
4:51 of 1st period - Daultan Leveillé wins face-off versus Vincent Trocheck in neutral zone.
5:17 of 1st period - Joel Edmundson is hit by Andy Andreoff and loses puck.
5:26 of 1st period - Snap shot by Jacob Josefson.
5:26 of 1st period - Shot Misses the Net.
5:28 of 1st period - Slapshot by Matt Roy.
5:28 of 1st period - Stopped by Darcy Kuemper with a rebound.
5:30 of 1st period - Snap shot by Travis Konecny.
5:30 of 1st period - Shot Misses the Net.
6:25 of 1st period - Erik Condra is hit by Jeff Petry and loses puck.
8:12 of 1st period - Slapshot by Alex Iafallo.
8:12 of 1st period - Stopped by Darcy Kuemper with a rebound.
8:14 of 1st period - Slapshot by Matt Roy.
8:14 of 1st period - Shot Misses the Net.
9:19 of 1st period - Snap shot by Nicholas Baptiste.
9:19 of 1st period - Shot Misses the Net.
9:59 of 1st period - Wrist shot by Roman Josi.
9:59 of 1st period - Deflect By Josh Anderson.
9:59 of 1st period - Shot Misses the Net.
9:59 of 1st period - Puck is out of play.
10:00 of 1st period - Jacob Josefson wins face-off versus Jonathan Marchessault in Sewer Rats zone.
10:01 of 1st period - Snap shot by Andy Andreoff.
10:01 of 1st period - Shot Misses the Net.
10:03 of 1st period - Slapshot by Jacob Josefson.
10:03 of 1st period - Shot Misses the Net.
10:05 of 1st period - Snap shot by Andy Andreoff.
10:05 of 1st period - Shot Blocked by Jarred Tinordi.
10:07 of 1st period - Wrist shot by Andy Andreoff.
10:07 of 1st period - Shot Misses the Net.
10:09 of 1st period - Slapshot by Andy Andreoff.
10:09 of 1st period - Stopped by Darcy Kuemper with a rebound.
10:25 of 1st period - Daniel Carr is hit by Daultan Leveillé and loses puck.
10:42 of 1st period - Snap shot by Teemu Hartikainen.
10:42 of 1st period - Stopped by Darcy Kuemper without a rebound.
10:43 of 1st period - Curtis Lazar wins face-off versus Dmitrij Jaskin in Sewer Rats zone.
10:47 of 1st period - Icing by John Ramage.
10:48 of 1st period - Daultan Leveillé wins face-off versus Drake Caggiula in Sewer Rats zone.
10:51 of 1st period - Wrist shot by Mikko Rantanen.
10:51 of 1st period - Stopped by Darcy Kuemper with a rebound.
11:05 of 1st period - Snap shot by Anthony Duclair.
11:05 of 1st period - Goal by Anthony Duclair - Monarchs : 1 - Sewer Rats : 1.
11:06 of 1st period - Daultan Leveillé wins face-off versus Daniel Carr in neutral zone.
11:17 of 1st period - Wrist shot by Max Domi.
11:17 of 1st period - Goal by Max Domi - Monarchs : 2 - Sewer Rats : 1.
11:18 of 1st period - Daultan Leveillé wins face-off versus Vincent Trocheck in neutral zone.
11:45 of 1st period - Jacob Josefson is hit by Jarred Tinordi and loses puck.
12:10 of 1st period - Wrist shot by Anthony Duclair.
12:10 of 1st period - Stopped by Jake Allen with a rebound.
12:24 of 1st period - Jared McCann is hit by Jeff Petry and loses puck.
12:33 of 1st period - Max Domi is hit by Jared McCann and loses puck.
12:50 of 1st period - Snap shot by Jonathan Marchessault.
12:50 of 1st period - Shot Blocked by Jacob Josefson.
12:52 of 1st period - Slapshot by Joel Edmundson.
12:52 of 1st period - Shot Blocked by Andy Andreoff.
13:26 of 1st period - Slapshot by Teemu Hartikainen.
13:26 of 1st period - Stopped by Darcy Kuemper with a rebound.
13:42 of 1st period - Snap shot by Erik Condra.
13:42 of 1st period - Stopped by Jake Allen with a rebound.
14:25 of 1st period - Snap shot by Jonathan Marchessault.
14:25 of 1st period - Shot Blocked by Markus Nutivaara.
14:37 of 1st period - Jarred Tinordi is hit by Daultan Leveillé and loses puck.
14:52 of 1st period - Daniel Carr is hit by Travis Konecny.
16:08 of 1st period - Curtis Lazar is hit by Vincent Trocheck and loses puck.
16:09 of 1st period - Curtis Lazar from Monarchs is injured at 16:09 of 1st period (Strained Right Elbow).
16:10 of 1st period - Vincent Trocheck wins face-off versus Max Domi in Monarchs zone.
16:21 of 1st period - Slapshot by Daniel Carr.
16:21 of 1st period - Stopped by Jake Allen with a rebound.
16:42 of 1st period - Slapshot by Jacob Josefson.
16:42 of 1st period - Shot Misses the Net.
16:58 of 1st period - Snap shot by Nicholas Baptiste.
16:58 of 1st period - Deflect By Teemu Hartikainen.
16:58 of 1st period - Shot Misses the Net.
16:58 of 1st period - Puck is out of play.
16:59 of 1st period - Daultan Leveillé wins face-off versus Drake Caggiula in Sewer Rats zone.
17:00 of 1st period - Snap shot by Mikko Rantanen.
17:00 of 1st period - Stopped by Darcy Kuemper without a rebound.
17:01 of 1st period - Daultan Leveillé wins face-off versus Vincent Trocheck in Sewer Rats zone.
17:04 of 1st period - Snap shot by Max Domi.
17:04 of 1st period - Shot Misses the Net.
17:10 of 1st period - Slapshot by Vincent Trocheck.
17:10 of 1st period - Stopped by Jake Allen without a rebound.
17:11 of 1st period - Vincent Trocheck wins face-off versus Daultan Leveillé in Monarchs zone.
18:23 of 1st period - Snap shot by Mark Mancari.
18:23 of 1st period - Stopped by Jake Allen with a rebound.
18:45 of 1st period - Wrist shot by Max Domi.
18:45 of 1st period - Stopped by Darcy Kuemper without a rebound.
18:46 of 1st period - Jacob Josefson wins face-off versus Jonathan Marchessault in Sewer Rats zone.
19:23 of 1st period - Teemu Hartikainen is hit by Dmitrij Jaskin and loses puck.
19:34 of 1st period - Ryan Murphy is hit by Daultan Leveillé and loses puck.
19:41 of 1st period - Wrist shot by Mikko Rantanen.
19:41 of 1st period - Stopped by Darcy Kuemper without a rebound.
19:42 of 1st period - Vincent Trocheck wins face-off versus Jacob Josefson in Sewer Rats zone.
Goals for this period are 2 for Monarchs vs 1 for Sewer Rats.
Shots for this period are 13 for Monarchs vs 10 for Sewer Rats.
2nd period
0:01 of 2nd period - Daultan Leveillé wins face-off versus Vincent Trocheck in neutral zone.
0:06 of 2nd period - Mikko Rantanen is hit by Vincent Trocheck and loses puck.
0:11 of 2nd period - Snap shot by Daniel Carr.
0:11 of 2nd period - Stopped by Jake Allen with a rebound.
0:13 of 2nd period - Slapshot by Jarred Tinordi.
0:13 of 2nd period - Shot Misses the Net.
0:15 of 2nd period - Wrist shot by Mark Mancari.
0:15 of 2nd period - Shot Misses the Net.
0:51 of 2nd period - Roman Josi is hit by Dmitrij Jaskin and loses puck.
0:58 of 2nd period - Snap shot by Drake Caggiula.
0:58 of 2nd period - Stopped by Jake Allen with a rebound.
1:22 of 2nd period - Slapshot by Alex Iafallo.
1:22 of 2nd period - Stopped by Darcy Kuemper without a rebound.
1:23 of 2nd period - Daultan Leveillé wins face-off versus Zach Aston-Reese in Sewer Rats zone.
1:32 of 2nd period - Slapshot by Mark Mancari.
1:32 of 2nd period - Shot Misses the Net.
1:34 of 2nd period - Slapshot by Jarred Tinordi.
1:34 of 2nd period - Shot Blocked by Markus Nutivaara.
2:06 of 2nd period - Icing by Joseph Blandisi.
2:07 of 2nd period - Drake Caggiula wins face-off versus Jordan Greenway in Sewer Rats zone.
2:39 of 2nd period - Slapshot by Mikko Rantanen.
2:39 of 2nd period - Stopped by Darcy Kuemper with a rebound.
2:42 of 2nd period - Icing by Joel Edmundson.
2:43 of 2nd period - Daultan Leveillé wins face-off versus Vincent Trocheck in Sewer Rats zone.
3:04 of 2nd period - Wrist shot by Vincent Trocheck.
3:04 of 2nd period - Shot Blocked by Roman Josi.
3:06 of 2nd period - Backhand shot by John Ramage.
3:06 of 2nd period - Shot Blocked by Josh Manson.
3:08 of 2nd period - Slapshot by Vincent Trocheck.
3:08 of 2nd period - Shot Hit the Post.
3:10 of 2nd period - Slapshot by Vincent Trocheck.
3:10 of 2nd period - Stopped by Jake Allen with a rebound.
3:12 of 2nd period - Snap shot by Mark Mancari.
3:12 of 2nd period - Shot Blocked by Roman Josi.
3:14 of 2nd period - Slapshot by John Ramage.
3:14 of 2nd period - Deflect By Mikko Rantanen.
3:14 of 2nd period - Stopped by Jake Allen without a rebound.
3:15 of 2nd period - Jonathan Marchessault wins face-off versus Jacob Josefson in Monarchs zone.
3:51 of 2nd period - Nicholas Baptiste is hit by Dmitrij Jaskin and loses puck.
4:04 of 2nd period - Snap shot by Daniel Carr.
4:04 of 2nd period - Stopped by Jake Allen without a rebound.
4:05 of 2nd period - Daniel Carr wins face-off versus Daultan Leveillé in Monarchs zone.
4:30 of 2nd period - Vincent Trocheck is hit by Josh Manson and loses puck.
4:45 of 2nd period - Wrist shot by Daniel Carr.
4:45 of 2nd period - Stopped by Jake Allen without a rebound.
4:46 of 2nd period - Daultan Leveillé wins face-off versus Jonathan Marchessault in Monarchs zone.
5:13 of 2nd period - Zach Werenski is hit by Anthony Duclair and loses puck.
6:14 of 2nd period - Andy Andreoff is hit by Jarred Tinordi and loses puck.
6:41 of 2nd period - Snap shot by Nicholas Baptiste.
6:41 of 2nd period - Goal by Nicholas Baptiste - Monarchs : 3 - Sewer Rats : 1.
6:42 of 2nd period - Vincent Trocheck wins face-off versus Daultan Leveillé in neutral zone.
7:53 of 2nd period - Off-side.
7:54 of 2nd period - Zach Aston-Reese wins face-off versus Daultan Leveillé in neutral zone.
8:13 of 2nd period - Slapshot by Stefan Elliott.
8:13 of 2nd period - Shot Misses the Net.
8:15 of 2nd period - Slapshot by Stefan Elliott.
8:15 of 2nd period - Stopped by Jake Allen with a rebound.
8:47 of 2nd period - Wrist shot by Mark Mancari.
8:47 of 2nd period - Shot Misses the Net.
8:49 of 2nd period - Wrist shot by Jared McCann.
8:49 of 2nd period - Stopped by Jake Allen with a rebound.
8:51 of 2nd period - Slapshot by Stefan Elliott.
8:51 of 2nd period - Stopped by Jake Allen with a rebound.
8:53 of 2nd period - Wrist shot by Mark Mancari.
8:53 of 2nd period - Shot Blocked by Max Domi.
8:55 of 2nd period - Snap shot by Mark Mancari.
8:55 of 2nd period - Shot Blocked by Daultan Leveillé.
8:57 of 2nd period - Slapshot by Zach Aston-Reese.
8:57 of 2nd period - Goal by Zach Aston-Reese - Monarchs : 3 - Sewer Rats : 2.
8:58 of 2nd period - Erik Condra wins face-off versus Jacob Josefson in neutral zone.
9:00 of 2nd period - Off-side.
9:01 of 2nd period - Jacob Josefson wins face-off versus Jonathan Marchessault in neutral zone.
9:08 of 2nd period - Snap shot by Joseph Blandisi.
9:08 of 2nd period - Shot Misses the Net.
9:50 of 2nd period - Xavier Ouellet is hit by Josh Manson and loses puck.
10:25 of 2nd period - Thomas Chabot is hit by Alex Iafallo and loses puck.
11:05 of 2nd period - Mikko Rantanen is hit by Daniel Carr and loses puck.
12:14 of 2nd period - Snap shot by Stefan Elliott.
12:14 of 2nd period - Stopped by Jake Allen with a rebound.
12:26 of 2nd period - Travis Konecny is hit by Daniel Carr and loses puck.
12:39 of 2nd period - Nicholas Baptiste is hit by Anthony Duclair and loses puck.
13:06 of 2nd period - Minor Penalty to Mark Mancari for Diving.
13:07 of 2nd period - Vincent Trocheck wins face-off versus Daultan Leveillé in Sewer Rats zone.
13:18 of 2nd period - Snap shot by Max Domi.
13:18 of 2nd period - Shot Blocked by John Ramage.
13:22 of 2nd period - Slapshot by Max Domi.
13:22 of 2nd period - Deflect By Mikko Rantanen.
13:22 of 2nd period - Shot Misses the Net.
13:22 of 2nd period - Puck is out of play.
13:23 of 2nd period - Vincent Trocheck wins face-off versus Jacob Josefson in Sewer Rats zone.
15:06 of 2nd period - Penalty to Mark Mancari is over, Mark Mancari is back on ice.
15:31 of 2nd period - Slapshot by Jonathan Marchessault.
15:31 of 2nd period - Deflect By Joseph Blandisi.
15:31 of 2nd period - Goal by Joseph Blandisi - Monarchs : 3 - Sewer Rats : 3.
15:32 of 2nd period - Vincent Trocheck wins face-off versus Daultan Leveillé in neutral zone.
16:41 of 2nd period - Snap shot by Mikko Rantanen.
16:41 of 2nd period - Shot Misses the Net.
16:59 of 2nd period - Slapshot by Max Domi.
16:59 of 2nd period - Stopped by Darcy Kuemper with a rebound.
17:01 of 2nd period - Snap shot by Mikko Rantanen.
17:01 of 2nd period - Goal by Mikko Rantanen - Monarchs : 4 - Sewer Rats : 3.
17:02 of 2nd period - Mark Mancari wins face-off versus Jacob Josefson in neutral zone.
18:22 of 2nd period - Snap shot by Vincent Trocheck.
18:22 of 2nd period - Shot Misses the Net.
18:25 of 2nd period - Icing by Markus Nutivaara.
18:26 of 2nd period - Jacob Josefson wins face-off versus Jonathan Marchessault in Monarchs zone.
Goals for this period are 2 for Monarchs vs 2 for Sewer Rats.
Shots for this period are 5 for Monarchs vs 12 for Sewer Rats.
3rd period
0:01 of 3rd period - Vincent Trocheck wins face-off versus Daultan Leveillé in neutral zone.
0:06 of 3rd period - Snap shot by Mark Mancari.
0:06 of 3rd period - Shot Misses the Net.
0:26 of 3rd period - Jonathan Marchessault is hit by Travis Konecny and loses puck.
0:53 of 3rd period - Snap shot by Alex Iafallo.
0:53 of 3rd period - Shot Misses the Net.
0:55 of 3rd period - Snap shot by Josh Anderson.
0:55 of 3rd period - Shot Misses the Net.
1:47 of 3rd period - Snap shot by Vincent Trocheck.
1:47 of 3rd period - Shot Misses the Net.
2:47 of 3rd period - Off-side.
2:48 of 3rd period - Jacob Josefson wins face-off versus Drake Caggiula in neutral zone.
2:51 of 3rd period - Wrist shot by Travis Konecny.
2:51 of 3rd period - Stopped by Darcy Kuemper without a rebound.
2:52 of 3rd period - Mark Mancari wins face-off versus Jacob Josefson in Sewer Rats zone.
3:07 of 3rd period - Wrist shot by Jacob Josefson.
3:07 of 3rd period - Shot Misses the Net.
4:02 of 3rd period - Minor Penalty to Andy Andreoff for Roughing.
4:03 of 3rd period - Vincent Trocheck wins face-off versus Max Domi in Monarchs zone.
4:29 of 3rd period - Roman Josi is hit by Jarred Tinordi and loses puck.
6:02 of 3rd period - Penalty to Andy Andreoff is over, Andy Andreoff is back on ice.
6:11 of 3rd period - Matt Roy is hit by Drake Caggiula and loses puck.
6:25 of 3rd period - Icing by Anthony Duclair.
6:26 of 3rd period - Jacob Josefson wins face-off versus Dmitrij Jaskin in Sewer Rats zone.
6:33 of 3rd period - Snap shot by Drake Caggiula.
6:33 of 3rd period - Shot Misses the Net.
6:53 of 3rd period - Snap shot by Zach Aston-Reese.
6:53 of 3rd period - Goal by Zach Aston-Reese - Monarchs : 4 - Sewer Rats : 4.
6:54 of 3rd period - Daultan Leveillé wins face-off versus Vincent Trocheck in neutral zone.
7:19 of 3rd period - Snap shot by Travis Konecny.
7:19 of 3rd period - Stopped by Darcy Kuemper without a rebound.
7:20 of 3rd period - Jonathan Marchessault wins face-off versus Jacob Josefson in Sewer Rats zone.
7:25 of 3rd period - Erik Condra is hit by Jeff Petry and loses puck.
7:52 of 3rd period - Minor Penalty to Jeff Petry for Tripping.
7:53 of 3rd period - Vincent Trocheck wins face-off versus Max Domi in Monarchs zone.
8:09 of 3rd period - Slapshot by Stefan Elliott.
8:09 of 3rd period - Deflect By Vincent Trocheck.
8:09 of 3rd period - Shot Misses the Net.
8:09 of 3rd period - Puck is out of play.
8:10 of 3rd period - Max Domi wins face-off versus Vincent Trocheck in Monarchs zone.
8:21 of 3rd period - Slapshot by Mikko Rantanen.
8:21 of 3rd period - Stopped by Darcy Kuemper without a rebound.
8:22 of 3rd period - Vincent Trocheck wins face-off versus Max Domi in Sewer Rats zone.
9:52 of 3rd period - Penalty to Jeff Petry is over, Jeff Petry is back on ice.
10:15 of 3rd period - Wrist shot by Nicholas Baptiste.
10:15 of 3rd period - Stopped by Darcy Kuemper with a rebound.
10:27 of 3rd period - Andy Andreoff is hit by Mark Mancari and loses puck.
13:10 of 3rd period - Jeff Petry is hit by John Ramage and loses puck.
13:34 of 3rd period - Off-side.
13:35 of 3rd period - Jacob Josefson wins face-off versus Vincent Trocheck in neutral zone.
13:56 of 3rd period - Wrist shot by Dmitrij Jaskin.
13:56 of 3rd period - Stopped by Jake Allen without a rebound.
13:57 of 3rd period - Drake Caggiula wins face-off versus Jordan Greenway in Monarchs zone.
14:00 of 3rd period - Snap shot by Anthony Duclair.
14:00 of 3rd period - Stopped by Jake Allen with a rebound.
14:02 of 3rd period - Wrist shot by Drake Caggiula.
14:02 of 3rd period - Deflect By Anthony Duclair.
14:02 of 3rd period - Stopped by Jake Allen with a rebound.
14:24 of 3rd period - John Ramage is hit by Max Domi and loses puck.
14:33 of 3rd period - Wrist shot by Max Domi.
14:33 of 3rd period - Shot Blocked by Joel Edmundson.
14:35 of 3rd period - Minor Penalty to Daniel Carr for High sticking.
14:36 of 3rd period - Daultan Leveillé wins face-off versus Vincent Trocheck in Sewer Rats zone.
14:39 of 3rd period - Slapshot by Max Domi.
14:39 of 3rd period - Shot Blocked by Vincent Trocheck.
16:32 of 3rd period - Drake Caggiula is hit by Jeff Petry and loses puck.
16:35 of 3rd period - Penalty to Daniel Carr is over, Daniel Carr is back on ice.
16:37 of 3rd period - Snap shot by Teemu Hartikainen.
16:37 of 3rd period - Stopped by Darcy Kuemper with a rebound.
16:39 of 3rd period - Snap shot by Jordan Greenway.
16:39 of 3rd period - Shot Blocked by Daniel Carr.
16:43 of 3rd period - Wrist shot by Teemu Hartikainen.
16:43 of 3rd period - Stopped by Darcy Kuemper with a rebound.
16:45 of 3rd period - Wrist shot by Matt Roy.
16:45 of 3rd period - Stopped by Darcy Kuemper with a rebound.
18:27 of 3rd period - Nicholas Baptiste is hit by Erik Condra and loses puck.
18:47 of 3rd period - Icing by Travis Konecny.
18:48 of 3rd period - Drake Caggiula wins face-off versus Teemu Hartikainen in Monarchs zone.
19:24 of 3rd period - Icing by Max Domi.
19:25 of 3rd period - Daultan Leveillé wins face-off versus Jared McCann in Monarchs zone.
Goals for this period are 0 for Monarchs vs 1 for Sewer Rats.
Shots for this period are 7 for Monarchs vs 4 for Sewer Rats.
Overtime #1
0:01 of 1st overtime period - Vincent Trocheck wins face-off versus Max Domi in neutral zone.
0:06 of 1st overtime period - Wrist shot by Vincent Trocheck.
0:06 of 1st overtime period - Goal by Vincent Trocheck - Monarchs : 4 - Sewer Rats : 5.
Goals for this period are 0 for Monarchs vs 1 for Sewer Rats.
Shots for this period are 0 for Monarchs vs 1 for Sewer Rats.